 Dungeon Crawl Stone Soup version 0.31.0-11-ge490571c62 (webtiles) character file.

Game seed: 8082423909575549696

64 qw the Shooter (level 3, -8/20 HPs)
             Began as a Deep Elf Hunter on Feb 4, 2024.
             Mangled by a gnoll
             ... wielding a +0 flail
              (10 damage)
             ... on level 1 of the Dungeon.
             The game lasted 00:00:04 (749 turns).

qw the Shooter (Deep Elf Hunter)                     Turns: 749, Time: 00:00:05

Health: -8/20      AC:  5    Str: 10    XL:     3   Next: 91%
Magic:  5/5        EV: 12    Int: 13    God:
Gold:   36         SH:  0    Dex: 18    Spells: 2/2 levels left

rFire   . . .        a - +0 shortbow (flame)
rCold   . . .        (shield currently unavailable)
rNeg    . . .        c - +0 leather armour
rPois   .            b - +0 helmet
rElec   .            (no cloak)
rCorr   .            g - +0 pair of gloves
SInv    .            (no boots)
Will    .....        (no amulet)
Stlth   ++           (no ring)
HPRegen 0.23/turn    (no ring)
MPRegen 0.09/turn

%: no passive effects
@: no status effects
A: no striking features
a: no special abilities


You were on level 1 of the Dungeon.
You visited 1 branch of the dungeon, and saw 2 of its levels.

You collected 36 gold pieces.


   Skills:
 - Level 1.5 Fighting
 + Level 7.3 Ranged Weapons
 - Level 2.4 Dodging
 - Level 1.2 Stealth


You had 2 spell levels left.
You didn't know any spells.
Your spell library was empty.

Inventory:

Hand Weapons
 a - a +0 shortbow of flaming (weapon)
Armour
 b - a +0 helmet (worn)
 c - a +0 leather armour (worn)
 g - a +0 pair of gloves (worn)
Potions
 d - a potion of mutation {unknown}
 f - a potion of curing

Dungeon Overview and Level Annotations

Branches:
Dungeon (2/15)

Altars:


Message History

722 ||| RETREEEEATING.
You shoot an arrow. The arrow hits the gnoll!
The arrow burns the gnoll.
You kill the gnoll!
724 ||| FLEEEEING.
725 ||| FLEEEEING.
726 ||| FLEEEEING.
Things that are here:
a +0 dagger; a goblin corpse
727 ||| FLEEEEING.
Things that are here:
a +0 whip of pain; a +0 animal skin; the hobgoblin corpse of Robin
728 ||| FLEEEEING.
There is a stone staircase leading up here.
729 ||| STAIRDANCE You climb upwards.
There is a stone staircase leading down here.
You start resting.
HP restored.
737 ||| UPGRADING to +0 helmet.
You start putting on your armour.
You continue putting on your +0 helmet. x4
You finish putting on your +0 helmet.
You climb downwards.
The gnoll hits you with a +0 flail.
There is a stone staircase leading up here.
744 ||| STAIRDANCE HP restored.
The gnoll hits you with a +0 flail.
You climb upwards.
There is a stone staircase leading down here.
You shoot an arrow. The arrow closely misses the gnoll.
The gnoll closely misses you. The gnoll hits you with a +0 flail!
Ouch! That really hurt!
You shoot an arrow. The arrow hits the gnoll.
The arrow burns the gnoll.
The gnoll is heavily wounded.
The gnoll hits you with a +0 flail.
You shoot an arrow. The arrow hits the gnoll.
The arrow burns the gnoll.
The gnoll is almost dead.
The gnoll closely misses you.
You shoot an arrow. The arrow barely misses the gnoll.
The gnoll hits you with a +0 flail!
Ouch! That really hurt!
You die...

.......#...##
#.........###
....##......####
#.........#
....####.......#
##.######## ....#
#...###.## #.# ....#
#...# #..# #.#
....####...####.### #.#
.......'...+.)....# #.#
....####...####g()####.#
##### #.......)@).....#
####.#####)###### #..(#
#.# ###.###.# #.....#
#######


You could see a gnoll.

Vanquished Creatures
  Robin (D:2)
  2 gnolls (D:2)
  2 endoplasms (D:1)
  A giant cockroach (D:1)
  9 goblins
  3 hobgoblins
  3 jackals (D:1)
  3 ball pythons
  4 kobolds (D:1)
  4 rats (D:1)
32 creatures vanquished.

Notes
Turn   | Place    | Note
-------+----------+-------------------------------------------
     0 | D:1      | qw the Deep Elf Hunter began the quest for the Orb.
     0 | D:1      | Reached XP level 1. HP: 12/12 MP: 3/3
     0 | D:1      | 0 ||| qw: Version: 0.3-a-160-g6735b56
     0 | D:1      | 0 ||| qw: Game counter: 4403
     0 | D:1      | 0 ||| qw: Melee chars always use a shield: true
     0 | D:1      | 0 ||| qw: God list: Okawaru
     0 | D:1      | 0 ||| qw: Allow faded altars: false
     0 | D:1      | 0 ||| qw: Do Orc after clearing Dungeon:15 true
     0 | D:1      | 0 ||| qw: Do second Lair branch before Depths: true
     0 | D:1      | 0 ||| qw: Lair rune preference: random
     0 | D:1      | 0 ||| qw: Goals: Normal
     0 | D:1      | 0 ||| PLANNING D:1-11
   170 | D:1      | Reached XP level 2. HP: 16/16 MP: 4/4
   177 | D:1      | Reached skill level 6 in Ranged Weapons
   543 | D:1      | 543 ||| UPGRADING to +0 pair of gloves.
   548 | D:1      | 548 ||| READING scroll labelled MYAMAT RISIMMU.
   551 | D:1      | 551 ||| READING scroll labelled XAGRISHIUX.
   551 | D:1      | 551 ||| BRANDING +0 shortbow.
   552 | D:1      | 552 ||| READING scroll labelled PUNAUR XOHE.
   553 | D:1      | 553 ||| DRINKING 2 red potions.
   554 | D:1      | 554 ||| DROPPING scroll of butterflies.
   590 | D:2      | Noticed Robin
   592 | D:2      | 592 ||| RETREEEEATING.
   596 | D:2      | 596 ||| RETREEEEATING.
   597 | D:2      | 597 ||| STAIRDANCE
   626 | D:2      | 626 ||| STAIRDANCE
   637 | D:2      | 637 ||| STAIRDANCE
   640 | D:1      | Reached XP level 3. HP: 20/20 MP: 5/5
   643 | D:2      | 643 ||| STAIRDANCE
   650 | D:2      | 650 ||| STAIRDANCE
   668 | D:2      | 668 ||| STAIRDANCE
   678 | D:2      | Killed Robin
   679 | D:2      | Reached skill level 7 in Ranged Weapons
   717 | D:2      | 717 ||| RETREEEEATING.
   718 | D:2      | 718 ||| RETREEEEATING.
   722 | D:2      | 722 ||| RETREEEEATING.
   724 | D:2      | 724 ||| FLEEEEING.
   725 | D:2      | 725 ||| FLEEEEING.
   726 | D:2      | 726 ||| FLEEEEING.
   727 | D:2      | 727 ||| FLEEEEING.
   728 | D:2      | 728 ||| FLEEEEING.
   729 | D:2      | 729 ||| STAIRDANCE
   737 | D:1      | 737 ||| UPGRADING to +0 helmet.
   744 | D:2      | 744 ||| STAIRDANCE
   747 | D:1      | HP: 1/20 [gnoll/+0 flail (6)]
   749 | D:1      | Mangled by a gnoll

Levels and vault maps discovered:
D:1:      dpeg_arrival_round_c, layout_basic
D:2:      layout_loops_ring, basic_altar, minmay_misc_feat_secret_circle,
          uniq_robin

Skill      XL: |  1  2  3 |
---------------+----------+-----
Ranged Weapons | 6 7 |  7.3
Fighting       | |  1.5
Dodging        | |  2.4
Stealth        | |  1.2

Action                     || total
---------------------------++-------
   Fire: Shortbow          ||    78
    Use: Scroll            ||     3
         Potion            ||     1
 Armour: Leather armour    ||    36
  Dodge: Dodged            ||    30

Table legend:
 A = Non-vault XP
 B = Vault XP
 C = Vault XP percentage of total XP
 D = Non-vault monster count
 E = Vault monster count
 F = Vault count percentage of total count
                 A         B        C        D         E       F
            +---------+---------+-------+---------+---------+-------
      Total |      58 |      34 |  37.0 |      21 |      11 |  34.4
            +---------+---------+-------+---------+---------+-------
        D:1 |      27 |      11 |  28.9 |      17 |       6 |  26.1
        D:2 |      31 |      23 |  42.6 |       4 |       5 |  55.6
            +---------+---------+-------+---------+---------+-------
